 Dungeon Crawl Stone Soup version 0.29-a0-317-gd16b76e6b1 (webtiles) character file.

Game seed: 14378489638877195317

28 jt the Sneak (level 3, -1/23 HPs)
             Began as a Gargoyle Delver on Mar 31, 2022.
             Slain by an orc
             ... wielding a +0 club
              (4 damage)
             ... on level 3 of the Dungeon.
             The game lasted 00:01:25 (540 turns).

jt the Sneak (Gargoyle Delver)                       Turns: 540, Time: 00:01:25

Health: -1/23      AC:  6    Str: 17    XL:     3   Next: 12%
Magic:  3/3        EV: 11    Int: 10    God:
Gold:   67         SH:  0    Dex: 11    Spells: 2/2 levels left

rFire   . . .      SeeInvis .   a - +0 hand axe
rCold   . . .      Faith    .   (no shield)
rNeg    + . .      Spirit   .   b - +0 leather armour
rPois   ∞          Reflect  .   (no helmet)
rElec   +          Harm     .   (no cloak)
rCorr   .          Rampage  .   (no gloves)
Will    .....                   (no boots)
Stlth   +++.......              (no amulet)
HPRegen 0.07/turn               (no ring)
MPRegen 0.08/turn               (no ring)

@: flying
A: sickness immunity, AC +3, negative energy resistance 1, electricity
resistance, torment resistance 1, petrification resistance
a: no special abilities


You were on level 3 of the Dungeon.
You visited 1 branch of the dungeon, and saw 3 of its levels.

You collected 67 gold pieces.

Inventory:

Hand Weapons
 a - a +0 hand axe (weapon)
 l - a +0 whip
Missiles
 i - 65 stones (quivered)
Armour
 b - a +0 leather armour (worn)
 h - a +0 ring mail
Wands
 g - a wand of digging (3)
 j - a wand of iceblast (7)
Scrolls
 c - a scroll of fog
 d - a scroll of magic mapping
 e - a scroll of fear
Potions
 f - a potion of flight


   Skills:
 - Level 3.2 Fighting
 + Level 3.2 Axes
 - Level 1.5 Dodging
 - Level 5.4 Stealth


You had 2 spell levels left.
You didn't know any spells.
Your spell library was empty.

Dungeon Overview and Level Annotations

Branches:
Dungeon (5/15)
 Temple: D:4-7

Altars:

Annotations:
D:3 3 runed translucent doors, robertstho's ghost, amateur DjFE


Innate Abilities, Weirdness & Mutations

You are immune to sickness and miasma.
Your stone body is resilient. (AC +3)
You are immune to poison.
You resist negative energy. (rN+)
You are resistant to electric shocks. (rElec)
You are resistant to unholy torment.
You are immune to petrification.


Message History

An orc comes into view. It is wielding a +0 club.
The orc hits you but does no damage.
The orc shouts!
You hit the orc.
The orc is moderately wounded.
You hear a shout! x2
The orc hits you with a +0 flail.
You hit the orc.
The orc is heavily wounded.
The orc hits you with a +0 flail.
You hit the orc but do no damage.
The orc is heavily wounded.
The orc hits you but does no damage. The orc misses you.
An orc priest comes into view. It is wielding a +0 short sword.
You hit the orc but do no damage.
The orc is heavily wounded.
The orc completely misses you.
The orc priest looks encouraged for a moment.
You closely miss the orc.
The orc is heavily wounded.
You hit the ball python.
You kill the ball python!
An orc comes into view. It is wielding a +0 hand axe.
The orc hits you with a +0 flail.
You hit the orc.
The orc is heavily wounded.
The orc hits you but does no damage.
An orc comes into view. It is wielding a +0 whip.
You hit the orc.
The orc is almost dead.
You hit the orc. The orc hits you with a +0 club.
It was a potion of flight.
You feel very buoyant.
You fly up into the air.
The orc barely misses you. The orc hits you with a +0 flail.
* * * LOW HITPOINT WARNING * * *
As you read the scroll labelled PIPRI UTRURO, it crumbles to dust.
It is a scroll of amnesia.
You feel forgetful for a moment. The orc hits you with a +0 club.
You die...

#..##.........#....###
...###....###.........
.### ##.#...........# ##
#..#.###.......#
######.##.###.......#
.........)....(....##
.###..###.###.......####
....# #..##.).....)..$
.#### ##......@o......
....##..o.......
.........o..#####
####.###....o# #.#
.......g .###.###o. . ..
... # .. ..


You could see an orc priest, 4 orcs and a hobgoblin.

Vanquished Creatures
  2 adders (D:3)
  An orc (D:3)
  A giant cockroach (D:3)
  2 kobolds (D:3)
  A quokka (D:3)
  A ball python (D:3)
  A bat (D:3)
  2 rats (D:3)
11 creatures vanquished.

Notes
Turn   | Place    | Note
-------+----------+-------------------------------------------
     0 | D:5      | jt the Gargoyle Delver began the quest for the Orb.
     0 | D:5      | Reached XP level 1. HP: 14/14 MP: 1/1
    15 | D:5      | Noticed a scorpion
   165 | D:3      | Reached XP level 2. HP: 14/19 MP: 2/2
   379 | D:3      | Found a runed translucent gate.
   380 | D:3      | Found a runed translucent gate.
   381 | D:3      | Found a runed translucent gate.
   391 | D:3      | Reached XP level 3. HP: 20/23 MP: 3/3
   429 | D:3      | Noticed robertstho's ghost (amateur DjFE)
   540 | D:3      | Slain by an orc

Illustrated notes

Levels and vault maps discovered:
D:3:      layout_rooms, grunt_qazlal_clouds, gammafunk_ghost_icy
D:4:      layout_loops_ring, minmay_temple_entry_stoned_glass, uniq_pargi,
          uniq_sigmund, uniq_eustachio, uniq_robin
D:5:      layout_cave_pools, mainiacjoe_overflow_24_doors

Skill      XL: |  1  2 |
---------------+-------+-----
Axes           | 2 3 |  3.2
Fighting       | |  3.2
Dodging        | |  1.5
Stealth        | |  5.4

Action                   || total
-------------------------++-------
Melee: Hand axe          ||    58
  Use: Potion            ||     2
       Scroll            ||     1
 Stab: Sleeping          ||     2
Armor: Leather armour    ||    27
Dodge: Dodged            ||    33

Table legend: (Time is in decaauts)
 A = Elapsed time spent in this place.
 B = Non-inter-level travel time spent in this place.
 C = Inter-level travel time spent in this place.
 D = Time resting spent in this place.
 E = Time spent auto-exploring this place.
 F = Levels seen in this place.
 G = Mean time per level.
                   A        B        C        D        E       F      G
               +--------+--------+--------+--------+--------+-----+--------+
         Total |    529 |    529 |      0 |    186 |     90 |   3 |  176.3 |
       Dungeon |    529 |    529 |      0 |    186 |     90 |   3 |  176.3 |
               +--------+--------+--------+--------+--------+-----+--------+

Top non-repeatable levels by time:
     D:3: 502 daAuts
     D:5: 23 daAuts
     D:4: 3 daAuts
